 Dungeon Crawl Stone Soup version 0.28-a0-32-g8dfe7f97f6 (webtiles) character file.

Game seed: 5028921735174757602

729 Dittersdorf the Shield-Bearer (level 7, -2/44 HPs)
             Began as a Gargoyle Fighter on July 27, 2021.
             Slain by a killer bee (7 damage)
             ... on level 4 of the Dungeon.
             The game lasted 00:08:59 (4859 turns).

Dittersdorf the Shield-Bearer (Gargoyle Fighter)    Turns: 4859, Time: 00:09:00

Health: -2/44      AC: 14    Str: 21    XL:     7   Next: 73%
Magic:  7/7        EV:  7    Int:  9    God:
Gold:   222        SH: 11    Dex:  9    Spells: 6/6 levels left

rFire   . . .      SeeInvis +   a - +0 flail
rCold   . . .      Faith    .   c - +1 kite shield
rNeg    + + .      Spirit   .   b - +0 scale mail
rPois   ∞          Reflect  .   (no helmet)
rElec   +          Harm     .   w - +1 cloak
rCorr   .          Rampage  .   (no gloves)
Will    .....                   (no boots)
Stlth   ..........              (no amulet)
HPRegen 0.14/turn               i - ring of positive energy
MPRegen 0.10/turn               j - ring of see invisible

@: no status effects
A: sickness immunity, AC +4, negative energy resistance 1, electricity
resistance, torment resistance 1, petrification resistance
a: no special abilities


You were on level 4 of the Dungeon.
You visited 1 branch of the dungeon, and saw 5 of its levels.

You collected 222 gold pieces.

Inventory:

Hand Weapons
 a - a +0 flail (weapon)
Missiles
 m - a throwing net
 r - 18 poisoned darts (quivered)
Armour
 b - a +0 scale mail (worn)
 c - a +1 kite shield (worn)
 w - a +1 cloak (worn)
Jewellery
 i - a ring of positive energy (left hand)
 j - a ring of see invisible (right hand)
 k - a ring of ice
Wands
 e - a wand of acid (9)
 u - a wand of iceblast (26)
 x - a wand of paralysis (15)
Scrolls
 f - a scroll of enchant armour
 g - a scroll of holy word
 l - 2 scrolls of teleportation
Potions
 d - 2 potions of might
 h - 2 potions of degeneration {unknown}
 n - a potion of cancellation {unknown}
 o - a potion of lignification {unknown}
 p - a potion of attraction {unknown}
 q - a potion of heal wounds
 s - a potion of invisibility
 t - a potion of flight
 v - 2 potions of resistance


   Skills:
 + Level 5.5 Fighting
 + Level 4.5 Maces & Flails
 + Level 5.5 Armour
 + Level 5.5 Shields


You had 6 spell levels left.
You didn't know any spells.
Your spell library contained the following spells:

 Spells                   Type           Power      Damage    Failure   Level
 Freeze                   Ice            0%         1d3       98%         1
 Sandblast                Erth           0%         2d4       98%         1
 Passwall                 Tmut/Erth      0%         N/A       99%         2
 Frozen Ramparts          Ice            0%         1d2       100%        3
 Hailstorm                Conj/Ice       0%         3d3       100%        4
 Lee's Rapid Deconstruct  Erth           0%         3d5*      100%        5


Dungeon Overview and Level Annotations

Branches:
Dungeon (5/15)
 Temple: D:4-7

Altars:
Trog
Yredelemnul
Zin

Shops:
D:2 [   D:3 (


Innate Abilities, Weirdness & Mutations

You are immune to sickness and miasma.
Your stone body is resilient. (AC +4)
You are immune to poison.
You resist negative energy. (rN+)
You are resistant to electric shocks. (rElec)
You are resistant to unholy torment.
You are immune to petrification.


Message History

You barely miss the killer bee.
The killer bee is lightly wounded.
The killer bee stings you but does no damage. x2
You block the killer bee's attack.
You closely miss the killer bee.
The killer bee is lightly wounded.
You block the killer bee's attack.
The killer bee stings you but does no damage. x2
You miss the killer bee.
The killer bee is lightly wounded.
The killer bee barely misses you. You block the killer bee's attack.
The killer bee stings you but does no damage.
You barely miss the killer bee.
The killer bee is lightly wounded.
The killer bee stings you.
* * * LOW HITPOINT WARNING * * *
The killer bee barely misses you.
You miss the killer bee.
The killer bee is lightly wounded.
The killer bee stings you but does no damage.
You block the killer bee's attack. The killer bee closely misses you.
You hit the killer bee.
The killer bee is moderately wounded.
The killer bee stings you but does no damage.
The killer bee barely misses you.
The killer bee stings you but does no damage.
You miss the killer bee.
The killer bee is moderately wounded.
The killer bee stings you.
* * * LOW HITPOINT WARNING * * *
You block the killer bee's attack. The killer bee stings you.
* * * LOW HITPOINT WARNING * * *
You miss the killer bee.
The killer bee is moderately wounded.
The killer bee barely misses you. The killer bee closely misses you.
You completely miss the killer bee.
The killer bee is moderately wounded.
The killer bee completely misses you. You block the killer bee's attack.
The killer bee stings you!
You die...

#..........(........#....
#...................#..##
##'#######'##......##..##
#..........#......#....#
#..........#......#....#
#..........#......'....#
#....##+##.#......#'####
#....##.######'##.......
#.....y@........#.......
#...............#.......
#...............#.......
#...............#...)...
#...............#.......
#.......##.....##.......
#......)##.....########'
#...............#....#..
#...............#....'..


You could see a killer bee.

Vanquished Creatures
  An ogre (D:5)
  4 scorpions (D:4)
  A water moccasin skeleton (D:4)
  3 hounds
  A jelly (D:4)
  An iguana (D:5)
  An orc wizard (D:4)
  4 gnolls
  3 adders
  An adder skeleton (D:4)
  5 worms
  2 dart slugs
  2 orcs
  5 bats
  4 endoplasms
  9 giant cockroaches
  8 goblins
  11 hobgoblins
  12 jackals
  4 kobolds
  7 quokkas
  11 ball pythons
  2 frilled lizards (D:1)
  9 rats
111 creatures vanquished.

Vanquished Creatures (collateral kills)
  A ball python (D:4)
1 creature vanquished.

Grand Total: 112 creatures vanquished

Notes
Turn   | Place    | Note
-------+----------+-------------------------------------------
     0 | D:1      | Dittersdorf the Gargoyle Fighter began the quest for the
                  | Orb.
     0 | D:1      | Reached XP level 1. HP: 14/14 MP: 1/1
   229 | D:1      | Reached XP level 2. HP: 16/19 MP: 2/2
   626 | D:1      | Reached XP level 3. HP: 21/23 MP: 3/3
  1314 | D:2      | Reached XP level 4. HP: 16/29 MP: 4/4
  2003 | D:2      | Reached XP level 5. HP: 27/33 MP: 5/5
  2091 | D:2      | Found Jeasch's Armour Boutique.
  2144 | D:2      | Found a glowing silver altar of Zin.
  2415 | D:3      | Found Butitisch's Weapon Boutique.
  3058 | D:3      | Found a basalt altar of Yredelemnul.
  3375 | D:4      | Reached XP level 6. HP: 30/39 MP: 6/6
  3579 | D:4      | Reached skill level 5 in Fighting
  3579 | D:4      | Reached skill level 5 in Shields
  3585 | D:4      | Reached skill level 5 in Armour
  3585 | D:4      | Reached XP level 7. HP: 23/44 MP: 7/7
  3656 | D:4      | Identified the +3 robe of Vionwef {MP+9}
  4358 | D:5      | Entered Level 5 of the Dungeon
  4747 | D:5      | Found a bloodstained altar of Trog.
  4859 | D:4      | Slain by a killer bee

Illustrated notes

Levels and vault maps discovered:
D:1:      dpeg_arrival_boxes_within_box, layout_basic
D:2:      layout_basic, serial_shops, shop, basic_altar
D:3:      layout_basic, marbit_many_paths, serial_shops, nicolae_shop_crystal
D:4:      minmay_bubble_buster, layout_gridville, gup_sewer_entry_bubbles,
          corexii_hall_statues_i
D:5:      layout_basic, mainiacjoe_overflow_paths, mainiacjoe_overflow_boulevard

Skill      XL: |  1  2  3  4  5  6 |
---------------+-------------------+-----
Fighting       | 4 5 |  5.5
Armour         | 4 5 |  5.5
Shields        | 4 5 |  5.5
Maces & Flails | 3 4 |  4.5

Action                   |  1- 3 |  4- 6 |  7- 9 || total
-------------------------+-------+-------+-------++-------
Melee: Flail             |   134 |   234 |   133 ||   501
  Use: Scroll            |       |    10 |     1 ||    11
Armor: Scale mail        |   115 |   169 |    75 ||   359
Dodge: Dodged            |    87 |    77 |    56 ||   220
Block: Kite shield       |   101 |   145 |    61 ||   307

Table legend: (Time is in decaauts)
 A = Elapsed time spent in this place.
 B = Non-inter-level travel time spent in this place.
 C = Inter-level travel time spent in this place.
 D = Time resting spent in this place.
 E = Time spent auto-exploring this place.
 F = Levels seen in this place.
 G = Mean time per level.
                   A        B        C        D        E       F      G
               +--------+--------+--------+--------+--------+-----+--------+
         Total |   5118 |   4928 |    190 |   1299 |   2011 |   5 | 1023.6 |
       Dungeon |   5118 |   4928 |    190 |   1299 |   2011 |   5 | 1023.6 |
               +--------+--------+--------+--------+--------+-----+--------+

Top non-repeatable levels by time:
     D:1: 1829 daAuts
     D:4: 1376 daAuts
     D:3: 800 daAuts
     D:2: 671 daAuts
     D:5: 441 daAuts
